 Dungeon Crawl Stone Soup version 0.26.1-11-gd32895ea62 (webtiles) character file.

Game seed: 18135173413044298178

100 Bergy the Cudgeller (level 4, -3/28 HPs)
             Began as a Gargoyle Fighter on July 15, 2021.
             Slain by an ogre
             ... wielding a +0 giant club
              (12 damage)
             ... on level 2 of the Dungeon.
             The game lasted 00:03:53 (1423 turns).

Bergy the Cudgeller (Gargoyle Fighter)              Turns: 1423, Time: 00:03:54

Health: -3/28      AC: 10    Str: 21    XL:     4   Next: 73%
Magic:  4/4        EV:  7    Int:  8    God:
Gold:   83         SH:  9    Dex:  9    Spells: 3/3 levels left

rFire    . . .     SeeInvis .   a - +0 flail
rCold    . . .     Faith    .   c - +0 kite shield
rNeg     + . .     Spirit   .   b - +0 scale mail
rPois    ∞         Reflect  .   (no helmet)
rElec    +         Harm     .   (no cloak)
rCorr    .         Rampage  .   (no gloves)
Will     .....                  (no boots)
Stlth    ..........             (no amulet)
HPRegen  0.09/turn              (no ring)
MPRegen  0.09/turn              (no ring)

@: brilliant
A: negative energy resistance 1, electricity resistance, unbreathing,
petrification resistance, miasma immunity, AC +3
a: no special abilities


You were on level 2 of the Dungeon.
You visited 1 branch of the dungeon, and saw 2 of its levels.

You collected 83 gold pieces.

Inventory:

Hand Weapons
 a - a +0 flail (weapon)
Armour
 b - a +0 scale mail (worn)
 c - a +0 kite shield (worn)
Jewellery
 i - an uncursed amulet of guardian spirit {unknown}
 k - a cursed -4 ring of strength {unknown}
 p - an uncursed ring of willpower {unknown}
Scrolls
 e - a scroll of enchant armour {unknown}
 h - a scroll of noise {unknown}
 j - a scroll of teleportation {unknown}
 l - 2 scrolls of identify {unknown}
 o - a scroll of remove curse {unknown}
 q - 2 scrolls of amnesia {unknown}
 s - a scroll of enchant weapon {unknown}
Potions
 d - 2 potions of might
 f - a potion of berserk rage {unknown}
 g - a potion of curing {unknown}
 n - a potion of attraction {unknown}
 r - a potion of resistance {unknown}


   Skills:
 - Level 3.2 Fighting
 * Level 4.8 Maces & Flails
 - Level 3.2 Armour
 - Level 3.2 Shields


You had 3 spell levels left.
You didn't know any spells.
Your spell library was empty.

Dungeon Overview and Level Annotations

Branches:
Dungeon (2/15)

Altars:
Xom


Innate Abilities, Weirdness & Mutations

You are resistant to torment.
Your stone body is resilient. (AC +3)
You are immune to poison.
You resist negative energy. (rN+)
You are resistant to electric shocks. (rElec)
You can survive without breathing.
You are immune to petrification.
You are immune to miasma.


Message History

Natasha wildly gestures.
Natasha shimmers violently.
Natasha barely misses you.
You hit Natasha.
Natasha is severely wounded.
Natasha mumbles some strange words.
Your shield and scale mail prevent you from hitting Natasha.
Natasha is severely wounded.
Natasha claws you but does no damage. Natasha barely misses you.
You hit Natasha.
You kill Natasha!
Natasha yowls pathetically as she dies!
The crimson imp disappears in a puff of smoke!
You feel yourself speed up. The ogre hits you with a +0 giant club.
It was a potion of brilliance.
You feel clever all of a sudden.
Your shield prevents you from hitting the ogre.
The ogre hits you with a +0 giant club!
You die...

#####..........#
#########.###### .......
..........# .......
#######<)## [......
####..# ..$....
##.)...### .......
###........... .......
......(..#########.......
###.########...#@O.......
##..# #...##.#.......
...########......#.......
##............###########
..÷.##.......).##
.......##....#..##
....####.....##..#
.............###.#
.......#.#...# #.#######


You could see an ogre.

Vanquished Creatures
  Natasha (D:2)
  An adder (D:2)
  An ooze (D:2)
  A worm (D:2)
  A dart slug (D:2)
  A leopard gecko (D:1)
  3 giant cockroaches
  9 goblins
  7 hobgoblins
  4 jackals (D:1)
  8 kobolds (D:1)
  10 bats
  A frilled lizard (D:2)
  3 rats
51 creatures vanquished.

Notes
Turn   | Place    | Note
-------+----------+-------------------------------------------
     0 | D:1      | Bergy the Gargoyle Fighter began the quest for the Orb.
     0 | D:1      | Reached XP level 1. HP: 14/14 MP: 1/1
   173 | D:1      | Reached XP level 2. HP: 19/19 MP: 2/2
   313 | D:1      | Reached skill level 3 in Maces & Flails
   376 | D:1      | Reached XP level 3. HP: 23/23 MP: 3/3
  1061 | D:2      | Reached skill level 4 in Maces & Flails
  1087 | D:2      | Reached XP level 4. HP: 26/28 MP: 4/4
  1171 | D:2      | Found a shimmering altar of Xom.
  1398 | D:2      | Noticed Natasha
  1398 | D:2      | Noticed an ogre
  1421 | D:2      | Killed Natasha
  1423 | D:2      | Slain by an ogre

Illustrated notes

Levels and vault maps discovered:
D:1:      dpeg_arrival_water_fire, layout_basic
D:2:      layout_rooms, overflow_temple_1_default, uniq_natasha

Skill      XL: |  1  2  3 |
---------------+----------+-----
Maces & Flails | 3 4 |  4.8
Fighting       | |  3.2
Armour         | |  3.2
Shields        | |  3.2

Action                   |  1- 3 |  4- 6 || total
-------------------------+-------+-------++-------
Melee: Flail             |   153 |    64 ||   217
  Use: Potion            |       |     1 ||     1
Armor: Scale mail        |   117 |    39 ||   156
Dodge: Dodged            |    80 |    27 ||   107
Block: Kite shield       |    91 |    38 ||   129
